 Dungeon Crawl Stone Soup version 0.30-a0-939-gc8157cb160 (webtiles) character file.

Game seed: 17388908843193604562

21 bearlyready the Covered (level 2, 0/26 HPs)
             Began as an Armataur Fighter on Mar 25, 2023.
             Slain by a goblin
             ... wielding a +0 dagger
             ... led by Robin
              (2 damage)
             ... on level 2 of the Dungeon.
             The game lasted 00:01:14 (667 turns).

bearlyready the Covered (Armataur Fighter)           Turns: 667, Time: 00:01:15

Health: 0/26       AC:  6    Str: 21    XL:     2   Next: 65%
Magic:  2/2        EV:  7    Int:  8    God:
Gold:   56         SH:  4    Dex:  9    Spells: 1/1 levels left

rFire   . . .      SeeInvis .    a - +0 flail
rCold   . . .      Faith    .    c - +0 buckler
rNeg    . . .      Spirit   .    b - +0 scale mail
rPois   .          Reflect  .    (no helmet)
rElec   .          Roll     +    (no cloak)
rCorr   .                        (no gloves)
Will    .....                    (no barding) Stlth
                                 (no amulet)
HPRegen 0.24/turn                (no ring)
MPRegen 0.08/turn                (no ring)

@: no status effects
A: large, rugged brown scales 3, deformed body, armoured tail, roll, long
tongue, awkward tongue
a: no special abilities


You were on level 2 of the Dungeon.
You visited 1 branch of the dungeon, and saw 2 of its levels.

You collected 56 gold pieces.

Inventory:

Hand Weapons
 a - a +0 flail (weapon)
Missiles
 h - 10 stones (quivered)
 i - 2 poisoned darts
Armour
 b - a +0 scale mail (worn)
 c - a +0 buckler (worn)
Scrolls
 f - a scroll of fear {unknown}
 g - a scroll of summoning {unknown}
 k - a scroll of teleportation {unknown}
 l - a scroll of identify {unknown}
Potions
 d - a potion of might
 e - a potion of resistance {unknown}
 j - a potion of curing {unknown}
 m - a potion of brilliance {unknown}


   Skills:
 - Level 2.6 Fighting
 + Level 3.0 Maces & Flails
 - Level 3.6 Armour
 - Level 3.2 Shields


You had one spell level left.
You didn't know any spells.
Your spell library was empty.

Dungeon Overview and Level Annotations

Branches:
Dungeon (2/15)

Altars:

Shops:
D:1 *

Annotations:
D:2 Robin


Innate Abilities, Weirdness & Mutations

You are completely covered in rugged brown scales. (AC +3, +7% HP)
Armour fits poorly on your strangely shaped body.
You have a long armoured tail.
You roll when moving toward enemies. (Rampage)
Your long tongue fully drains potion bottles. (2x potion effects)
Your tongue gives you trouble enunciating. (1.5x scroll delay)


Message History

The hobgoblin is almost dead.
The hobgoblin hits you.
The hobgoblin hits you but does no damage.
The goblin hits you but does no damage. The goblin barely misses you.
The goblin closely misses you.
You closely miss the hobgoblin.
You tail-slap the hobgoblin, but do no damage.
The hobgoblin is almost dead.
The hobgoblin hits you.
The hobgoblin hits you but does no damage.
You block the goblin's attack. The goblin hits you but does no damage.
Robin roars a battlecry!
The goblins go into a battle-frenzy!
The goblin barely misses you. The goblin hits you with a +0 dagger.
The hobgoblin hits you. x2; The goblin hits you but does no damage.
The goblin barely misses you.
You are too injured to fight recklessly!
You are too injured to fight recklessly!
You are too injured to fight recklessly!
You are too injured to fight recklessly!
You are too injured to fight recklessly!
You are too injured to fight recklessly!
A goblin comes into view. It is wielding a +1 dagger of venom.
You block the goblin's attack. x2
The goblin hits you with a +0 dagger.
Robin roars a battlecry!
The goblin goes into a battle-frenzy!
The goblin attacks as you move away! You block the goblin's attack.
Robin throws the goblin at you!
You closely miss the goblin. The hobgoblin barely misses you.
The goblin hits you with a +1 dagger of venom.
* * * LOW HITPOINT WARNING * * *
The goblin attacks as you move away! The goblin hits you but does no damage.
The hobgoblin attacks as you move away! The hobgoblin barely misses you.
The goblin hits you but does no damage. You block the goblin's attack.
The goblin hits you with a +0 dagger.
* * * LOW HITPOINT WARNING * * *
There is a stone staircase leading up here.
The goblin hits you with a +0 dagger.
You die...

#####.### #####.## #
#.......# #..## ##
###...#.#.#######...####.
.......................'.
###...##g.###.......####.
#..# #gg# #.###...# ##
#.####gg# #.# #...# #
#....ggg# #.# ##..#
#####.@## #.# #..# #.##
#.####..# #.# #.......#
#.# #####.#.# #.#
##.###.### #.# #.##
##..## #.# ##.###.#... ..
##.#.##### ##.##


You could see Robin, 2 hobgoblins and 5 goblins.

Vanquished Creatures
  A ball python (D:1)
  2 bats (D:1)
  4 endoplasms (D:1)
  A giant cockroach (D:1)
  3 hobgoblins (D:1)
  A kobold (D:1)
  2 quokkas (D:1)
  3 frilled lizards (D:1)
17 creatures vanquished.

Notes
Turn   | Place    | Note
-------+----------+-------------------------------------------
     0 | D:1      | bearlyready the Armataur Fighter began the quest for the
                  | Orb.
     0 | D:1      | Reached XP level 1. HP: 19/19 MP: 1/1
   193 | D:1      | Reached XP level 2. HP: 22/26 MP: 2/2
   477 | D:1      | Found Iczuijayl's Assorted Antiques.
   653 | D:2      | Noticed Robin
   667 | D:2      | Slain by a goblin

Illustrated notes

Levels and vault maps discovered:
D:1:      dpeg_arrival_simpleton_c, layout_rooms, serial_shops, shop
D:2:      cheibrodos_helix_gallery, layout_loops_corners,
          uniq_crazy_yiuf_cottage, uniq_robin

Skill      XL: |  1  2 |
---------------+-------+-----
Maces & Flails | 2 3 |  3.0
Fighting       | |  2.6
Armour         | |  3.6
Shields        | |  3.2

Action                     || total
---------------------------++-------
  Melee: Flail             ||    58
         Tailslap          ||     5
 Armour: Scale mail        ||    51
  Dodge: Dodged            ||    31
  Block: Buckler           ||    17

Table legend: (Time is in decaauts)
 A = Elapsed time spent in this place.
 B = Non-inter-level travel time spent in this place.
 C = Inter-level travel time spent in this place.
 D = Time resting spent in this place.
 E = Time spent auto-exploring this place.
 F = Levels seen in this place.
 G = Mean time per level.
                   A        B        C        D        E       F      G
               +--------+--------+--------+--------+--------+-----+--------+
         Total |    684 |    673 |     11 |      0 |    522 |   2 |  342.0 |
       Dungeon |    684 |    673 |     11 |      0 |    522 |   2 |  342.0 |
               +--------+--------+--------+--------+--------+-----+--------+

Top non-repeatable levels by time:
     D:1: 526 daAuts
     D:2: 158 daAuts
